AoeStats
← thewZ

Black Forest

508007312Analyzed
4v4 RM · 13d ago on Sep 20, 2026· 91m 2s· 8 players
Game mode
Random Map
Map size
Large (8 player)
Population
200
Speed
Normal
Resources
Standard
Victory
Conquest
Starting age
Dark Age
Ending age
Imperial Age
RankedLock teamsTeams togetherTeam positionsShared explorationLock speedFull tech treeHidden civsTurbo modeCheats
Victory
Defeat
🇺🇸 Celts · United States
647
+14
🇺🇸 Japanese · United States
572
+17
🇮🇳 Persians · India
567
+18
🇨🇿 Teutons · Czechia
556
+18
🇨🇿 Spanish · Czechia
643
-18
🇵🇱 Franks · Poland
628
-18
🇺🇸 Khmer · United States
614
-17
🇻🇳 Goths · Vietnam
533
-14
DuceDubz
0:31 Loom
17:10 Feudal Age
19:55 Horse Collar
20:04 Double-Bit Axe
20:59 Wheelbarrow
21:32 Fletching
21:53 Forging
21:44 Scale Mail Armor
21:53 Gold Mining
22:23 Stone Mining
23:28 Arson
27:03 Castle Age
30:32 Heavy Plow
30:59 Bow Saw
31:58 Gold Shaft Mining
31:59 Stone Shaft Mining
31:28 Caravan
31:59 Coinage
36:49 Imperial Age
34:35 Bodkin Arrow
35:16 Iron Casting
36:47 Fortified Wall
36:58 Ballistics
37:08 Chain Mail Armor
39:42 Pikeman
39:53 Onager
41:11 Banking
40:51 Guilds
40:20 Heavy Scorpion
42:09 Chemistry
42:50 Siege Onager
43:57 Siege Engineers
45:29 Stronghold
47:27 Furor Celtica
48:55 Plate Mail Armor
49:30 Blast Furnace
50:11 Halberdier
54:01 Elite Woad Raider
87:20 Spies/Treason
sandeepkumarsdsl
1:38 Loom
17:03 Feudal Age
22:36 Wheelbarrow
21:47 Town Watch
22:06 Gold Mining
22:10 Stone Mining
22:03 Horse Collar
22:13 Double-Bit Axe
26:02 Castle Age
30:00 Forging
29:51 Scale Mail Armor
30:32 Fortified Wall
30:33 Masonry
30:43 Ballistics
30:37 Bow Saw
32:48 Hand Cart
35:04 Imperial Age
36:24 Caravan
38:09 Iron Casting
37:49 Chain Mail Armor
38:29 Bow Saw
38:24 Heavy Plow
38:41 Elite Teutonic Knight
39:46 Ironclad
40:52 Stone Shaft Mining
41:39 Chemistry
40:30 Heated Shot
42:31 Blast Furnace
42:01 Plate Mail Armor
41:46 Town Patrol
41:39 Capped Ram
42:22 Onager
43:43 Siege Onager
45:01 Arrowslits
46:22 Two-Man Saw
45:56 Crop Rotation
45:35 Scale Barding Armor
47:23 Chain Barding Armor
48:17 Squires
47:43 Pikeman
48:14 Gambesons
49:28 Cavalier
Ajghoimer
0:39 Loom
19:22 Feudal Age
20:49 Double-Bit Axe
21:00 Gold Mining
21:08 Stone Mining
21:02 Horse Collar
22:27 Wheelbarrow
29:00 Arson
33:00 Castle Age
34:27 Heavy Plow
34:41 Bow Saw
34:45 Forging
34:40 Scale Barding Armor
34:40 Scale Mail Armor
36:22 Hand Cart
37:19 Caravan
40:56 Imperial Age
40:57 Husbandry
41:08 Bloodlines
42:22 Iron Casting
42:08 Chain Barding Armor
42:03 Chain Mail Armor
42:57 Cavalier
47:38 Savar
49:45 Citadels
48:57 Elite War Elephant
50:43 Blast Furnace
50:19 Plate Barding Armor
50:14 Plate Mail Armor
52:18 Pikeman
52:59 Squires
52:45 Gambesons
71:05 Crop Rotation
71:40 Two-Man Saw
86:29 Spies/Treason
88:17 Spies/Treason
CHIP
0:49 Loom
17:58 Feudal Age
21:02 Forging
20:52 Scale Mail Armor
20:54 Padded Archer Armor
20:45 Fletching
20:42 Horse Collar
20:50 Double-Bit Axe
22:20 Wheelbarrow
24:31 Castle Age
25:13 Gold Mining
27:38 Heavy Plow
27:58 Bow Saw
28:10 Caravan
28:51 Coinage
29:04 Iron Casting
28:44 Chain Mail Armor
28:21 Gambesons
28:37 Squires
28:23 Arson
29:58 Hand Cart
29:16 Man-at-Arms
30:04 Treadmill Crane
30:45 Ballistics
31:42 Gold Shaft Mining
31:01 Stone Mining
37:18 Imperial Age
35:46 Bodkin Arrow
36:06 Leather Archer Armor
38:03 Ballistics
37:15 Long Swordsman
37:15 Pikeman
38:37 Kataparuto
40:37 Blast Furnace
40:14 Plate Mail Armor
39:45 Bracer
40:23 Ring Archer Armor
40:59 Chemistry
40:13 Elite Samurai
42:49 Banking
44:09 Two-Man Saw
43:46 Conscription
43:52 Conscription
45:16 Siege Engineers
45:37 Two-Handed Swordsman
45:37 Halberdier
47:18 Thumb Ring
47:38 Parthian Tactics
46:36 Crossbowman
47:21 Heavy Cavalry Archer
48:56 Scale Barding Armor
57:52 Arbalester
82:40 Champion
87:37 Spies/Treason
thewZ
0:54 Loom
2:22 Loom
2:54 Loom
12:19 Feudal Age
12:44 Town Watch
12:52 Double-Bit Axe
18:45 Horse Collar
24:42 Castle Age
23:55 Stone Mining
25:39 Town Patrol
29:22 Heavy Plow
29:13 Pikeman
31:50 Stone Shaft Mining
31:10 Gold Mining
33:38 Gold Shaft Mining
34:46 Wheelbarrow
39:16 Imperial Age
37:08 Hand Cart
39:43 Bow Saw
42:02 Double Crossbow
41:25 Elite Ballista Elephant
43:24 Crop Rotation
45:17 Scale Mail Armor
45:30 Forging
44:42 Halberdier
46:40 Conscription
47:03 Hoardings
47:28 Man-at-Arms
48:27 Chain Mail Armor
48:47 Iron Casting
48:19 Scale Barding Armor
49:00 Heavy Scorpion
49:04 Capped Ram
49:05 Onager
49:47 Padded Archer Armor
49:37 Fletching
50:48 Blast Furnace
50:08 Chain Barding Armor
49:11 Long Swordsman
49:36 Arson
49:18 Light Cavalry
50:08 Bloodlines
49:59 Husbandry
50:05 Tusk Swords
49:36 Sappers
51:58 Caravan
51:50 Hussar
51:50 Cavalier
54:02 Ballistics
54:42 Chemistry
53:54 Fortified Wall
53:56 Masonry
53:09 Two-Handed Swordsman
53:47 Bodkin Arrow
54:28 Plate Barding Armor
54:10 Leather Archer Armor
56:56 Ring Archer Armor
56:26 Bracer
55:50 Siege Ram
57:20 Architecture
57:01 Siege Engineers
56:56 Murder Holes
Cobrojed
3:16 Loom
11:43 Feudal Age
13:03 Wheelbarrow
12:16 Double-Bit Axe
12:39 Horse Collar
13:56 Town Watch
21:35 Castle Age
20:52 Gold Mining
21:05 Stone Mining
22:23 Heavy Plow
23:20 Bow Saw
25:26 Fletching
26:43 Hand Cart
31:43 Stone Shaft Mining
35:16 Imperial Age
32:58 Scale Barding Armor
34:17 Forging
34:23 Bloodlines
34:14 Husbandry
35:01 Pikeman
35:43 Squires
35:41 Cavalier
36:45 Conscription
37:02 Hoardings
38:09 Ballistics
38:02 Fortified Wall
37:48 Murder Holes
38:04 Masonry
38:57 Chemistry
39:23 Two-Man Saw
39:29 Supremacy
38:43 Halberdier
39:31 Scale Mail Armor
39:38 Padded Archer Armor
41:43 Architecture
41:37 Chain Barding Armor
41:52 Iron Casting
41:13 Bodkin Arrow
41:34 Leather Archer Armor
41:35 Chain Mail Armor
42:57 Arson
42:35 Elite Skirmisher
45:51 Guilds
45:42 Caravan
46:39 Bombard Tower
46:56 Plate Barding Armor
47:22 Blast Furnace
46:23 Bracer
46:54 Ring Archer Armor
46:54 Plate Mail Armor
45:54 Paladin
45:58 Light Cavalry
46:13 Elite Conquistador
49:27 Guard Tower
50:29 Hussar
62:54 Keep
coran
0:38 Loom
15:28 Feudal Age
17:35 Double-Bit Axe
17:43 Stone Mining
17:43 Gold Mining
26:15 Castle Age
25:31 Scale Mail Armor
25:42 Forging
25:33 Padded Archer Armor
25:25 Fletching
27:19 Bow Saw
27:50 Wheelbarrow
30:49 Light Cavalry
31:32 Husbandry
31:39 Squires
30:59 Pikeman
36:53 Imperial Age
35:38 #83
37:26 Fortified Wall
38:28 Hand Cart
39:36 Conscription
40:00 Chain Mail Armor
40:00 Leather Archer Armor
39:41 Bodkin Arrow
41:36 Chemistry
40:49 Masonry
41:14 Caravan
43:50 Plate Mail Armor
43:57 Iron Casting
43:17 Bodkin Arrow
42:59 Cavalier
46:34 Gold Shaft Mining
46:23 Elite Skirmisher
47:32 Siege Engineers
47:20 Arrowslits
48:07 Architecture
47:59 Ballistics
47:54 Elite Throwing Axeman
50:30 Paladin
54:42 Halberdier
55:58 Scale Barding Armor
56:53 Blast Furnace
DorsalMold8400
13:44 Feudal Age
15:20 Double-Bit Axe
15:18 Horse Collar
16:26 Wheelbarrow
18:19 Loom
18:24 Town Watch
24:43 Castle Age
25:44 Hand Cart
25:35 Heavy Plow
25:48 Bow Saw
25:39 Gold Mining
28:51 Stone Mining
37:50 Imperial Age
37:42 Stone Shaft Mining
41:06 Two-Man Saw
40:39 Crop Rotation
41:20 Chemistry
43:52 Squires
43:12 Pikeman
50:51 Elite Huskarl
57:51 Halberdier
59:18 Cavalier
59:58 Husbandry
73:00 Ballistics
77:20 Town Patrol
Connection lost

Rejoining the realm…

Still unreachable

The connection could not be restored.

Session expired

The server has moved on; the page needs a fresh start.